 Dungeon Sprint DCSS version 0.30-a0-605-gb2882149bf (webtiles) character file.

Game seed: 3667001597049035203

482 NinjaNoafa the Trooper (level 7, -5/66 HPs)
             Began as a Ghoul Gladiator on Jan 7, 2023.
             Was a Follower of Okawaru.
             Slain by an orc warrior
             ... wielding a +0 halberd
              (10 damage)
             ... in the Dungeon (Sprint VII: "The Pits").
             The game lasted 00:02:47 (485 turns).

NinjaNoafa the Trooper (Ghoul Gladiator)             Turns: 485, Time: 00:02:48

Health: -5/66      AC: 20    Str: 18    XL:     7   Next: 12%
Magic:  8/11       EV: 14    Int:  3    God:    Okawaru [*.....]
Gold:   0          SH:  0    Dex: 12    Spells: 6/6 levels left

rFire   . . .      SeeInvis .    q - +1 quarterstaff (protect)
rCold   + . .      Faith    .    (shield currently unavailable)
rNeg    + + +      Spirit   .    l - +3 scale mail
rPois   ∞          Reflect  .    c - +0 helmet
rElec   .          Harm     .    (no cloak)
rCorr   .          Rampage  .    (no gloves)
Will    .....      NoTele   +    (no boots)
Stlth   +                        (no amulet)
HPRegen 0.00/turn                (no ring)
MPRegen 0.12/turn                (no ring)

@: heroic, under a protective aura, inhibited regen, hasted, very quick
A: claws 1, cold resistance 1, negative energy resistance 3, inhibited
regeneration, torment resistance 2, devour on kill
a: Renounce Religion, Heroism


You were in the Dungeon.
You worshipped Okawaru.
Okawaru was aware of your devotion.
You visited 1 branch

Inventory:

Hand Weapons
 q - a +1 quarterstaff of protection (weapon)
Missiles
 d - 3 throwing nets (quivered)
 m - 10 stones
Armour
 c - a +0 helmet (worn)
 l - a +3 scale mail (worn)
Scrolls
 k - a scroll of blinking
 n - 5 scrolls of amnesia
 p - 2 scrolls of vulnerability
Potions
 a - 2 potions of invisibility
 f - 5 potions of curing
 g - 4 potions of heal wounds
 i - 4 potions of magic
 j - 3 potions of berserk rage


   Skills:
 + Level 7.5(12.5) Fighting
 + Level 6.9(11.9) Staves
 - Level 1.7(6.7) Throwing
 + Level 5.8(10.8) Armour
 + Level 6.6(11.6) Dodging
 + Level 6.6 Invocations


You had 6 spell levels left.
You didn't know any spells.
Your spell library was empty.

Dungeon Overview and Level Annotations

Branches:
Dungeon (1/1)

Altars:
Ashenzari
Cheibriados
Dithmenos
Fedhas
Gozag
Hepliaklqana
Kikubaaqudgha
Makhleb
Nemelex Xobeh
Okawaru
Qazlal
Ru
Sif Muna
Trog
Uskayaw
Vehumet
Wu Jian
Xom
Yredelemnul
Jiyva
Lugonu


Innate Abilities, Weirdness & Mutations

You are immune to poison.
You have sharp fingernails.
Your flesh is cold resistant. (rC+)
You are immune to negative energy. (rN+++)
You do not regenerate when monsters are visible.
You are immune to unholy pain and torment.
You thrive by killing the living.


Message History

You aren't carrying any items that you can evoke.
Throw: javelin
Press: ? - help, Q - select action, (/) - cycle Shift-Dir - straight line, f - orc warrior
Aim: an orc warrior, wielding a +0 halberd and wearing a +0 plate armour (67% to hit)
You throw a javelin.
The javelin closely misses the ufetubus.
The javelin pierces through the orc warrior!!
The orc warrior is severely wounded.
The javelin misses the ufetubus.
The orc warrior closely misses you. The ufetubus completely misses you.
The ufetubus hits you but does no damage.
The ufetubus hits you. The ufetubus misses you.
The orc warrior hits you with a +0 halberd.
There is an open door, spattered with blood here.
Items here: ( )) [ †.
You hit the orc warrior.
The orc warrior is severely wounded.
The ufetubus barely misses you. The ufetubus misses you.
The ufetubus hits you but does no damage.
The ufetubus barely misses you.
You hit the orc warrior but do no damage.
The orc warrior is severely wounded.
The ufetubus closely misses you. The ufetubus misses you.
The ynoxinul gestures at you. The iron shot misses you.
The iron shot hits the ufetubus!!
The ufetubus dies!
The ufetubus disappears in a puff of smoke!
The orc warrior completely misses you. The ufetubus completely misses you.
The ufetubus closely misses you.
You thump the ynoxinul!
The ynoxinul is heavily wounded.
You thump the ynoxinul!
The ynoxinul is almost dead.
The ufetubus barely misses you. The ufetubus completely misses you.
The ynoxinul gestures at you. The iron shot hits you!!
* * * LOW HITPOINT WARNING * * *
The orc warrior hits you with a +0 halberd!
You die...

#.####†##'###...<...#
#.#........##.......#
#?#........##.......#
#†###########.......#
#..#.#.## #########
#.......# #####
##.#.#.## 55..#
#.......#+#o5..#
##.#.#.##§@3o5.+
#.......#)#55..#
##.#.#..'.#5...#
###############


You could see a ynoxinul, an orc warrior, an orc and 7 ufetubi.

Vanquished Creatures
  A fire bat (D)
  A wolf (D)
  A kobold brigand (D)
  A scorpion (D)
  A hound (D)
  2 orc wizards (D)
  A mummy (D)
  A gnoll (D)
  A river rat (D)
  An ufetubus (D)
  An orc (D)
  2 ball pythons (D)
  4 endoplasms (D)
  A quokka (D)
  2 rats (D)
21 creatures vanquished.

Notes
Turn   | Place    | Note
-------+----------+-------------------------------------------
     0 | D        | NinjaNoafa the Ghoul Gladiator began the quest for the Orb.
     0 | D        | Reached XP level 1. HP: 17/17 MP: 0/0
    40 | D        | Found a bloodstained altar of Trog.
    40 | D        | Found a shimmering blue altar of Sif Muna.
    40 | D        | Found a viscous altar of Jiyva.
    40 | D        | Found a hazy altar of Hepliaklqana.
    40 | D        | Found an opulent altar of Gozag.
    41 | D        | Found a basalt altar of Yredelemnul.
    41 | D        | Found a shimmering altar of Xom.
    41 | D        | Found an ornate altar of the Wu Jian Council.
    41 | D        | Found a sacrificial altar of Ru.
    41 | D        | Found a stormy altar of Qazlal.
    41 | D        | Found an iron altar of Okawaru.
    41 | D        | Found a sparkling altar of Nemelex Xobeh.
    41 | D        | Found a burning altar of Makhleb.
    41 | D        | Found a blossoming altar of Fedhas.
    41 | D        | Found a shadowy altar of Dithmenos.
    41 | D        | Found a snail-covered altar of Cheibriados.
    62 | D        | Found a radiant altar of Vehumet.
    62 | D        | Found a corrupted altar of Lugonu.
    63 | D        | Found a hide-covered altar of Uskayaw.
    63 | D        | Found an ancient bone altar of Kikubaaqudgha.
    63 | D        | Found a broken altar of Ashenzari.
    67 | D        | Became a worshipper of Warmaster Okawaru
    87 | D        | Reached skill level 3 in Fighting
    87 | D        | Reached skill level 1 in Armour
    87 | D        | Reached XP level 2. HP: 13/26 MP: 1/1
   145 | D        | Noticed a scorpion
   160 | D        | Killed a scorpion
   161 | D        | Reached skill level 4 in Fighting
   161 | D        | Reached XP level 3. HP: 15/34 MP: 1/4
   161 | D        | Reached XP level 4. HP: 18/41 MP: 1/5
   323 | D        | Noticed a wolf
   323 | D        | Noticed a fire bat
   342 | D        | Killed a fire bat
   342 | D        | Reached * piety under Okawaru
   343 | D        | Reached skill level 6 in Fighting
   343 | D        | Reached skill level 5 in Staves
   343 | D        | Reached skill level 5 in Dodging
   343 | D        | Reached skill level 5 in Invocations
   343 | D        | Reached XP level 5. HP: 32/50 MP: 5/7
   354 | D        | Killed a wolf
   355 | D        | Reached skill level 5 in Armour
   355 | D        | Reached XP level 6. HP: 36/58 MP: 4/9
   370 | D        | Reached skill level 7 in Fighting
   456 | D        | Noticed an orc warrior
   456 | D        | Noticed a ynoxinul
   480 | D        | Reached XP level 7. HP: 34/66 MP: 8/11
   485 | D        | Slain by an orc warrior

Illustrated notes

Levels and vault maps discovered:
D:        pitsprint [storerooms_1, entrance_room_1, metal_vault_4, armoury_1,
          mini_pit_1, grid_room_1, main_hall_1, silver_pit, the_coven_3,
          the_vestibule_1, steel_vault_4, golden_pit, hallway_of_sentries,
          crystal_vault_6, iron_vault_5, final_vault]

Skill      XL: |  1  2  3  4  5  6 |
---------------+-------------------+-----
Staves         | 3 4 5 6 |  6.9
Fighting       | 3 4 6 7 |  7.5
Armour         | 1 3 4 5 |  5.8
Dodging        | 3 4 5 6 |  6.6
Invocations    | 2 5 6 |  6.6
Throwing       | |  1.7

Action                   |  1- 3 |  4- 6 |  7- 9 || total
-------------------------+-------+-------+-------++-------
Melee: Quarterstaff      |    24 |    78 |     4 ||   106
Throw: Javelin           |       |       |     1 ||     1
Invok: Heroism           |       |     2 |       ||     2
  Use: Potion            |       |     4 |       ||     4
Armor: Leather armour    |     8 |     3 |       ||    11
       Scale mail        |       |    37 |     2 ||    39
Dodge: Dodged            |    14 |    54 |    14 ||    82

Table legend: (Time is in decaauts)
 A = Elapsed time spent in this place.
 B = Non-inter-level travel time spent in this place.
 C = Inter-level travel time spent in this place.
 D = Time resting spent in this place.
 E = Time spent auto-exploring this place.
 F = Levels seen in this place.
 G = Mean time per level.
                   A        B        C        D        E       F      G
               +--------+--------+--------+--------+--------+-----+--------+
         Total |    472 |    460 |     12 |     72 |    184 |   1 |  472.0 |
       Dungeon |    472 |    460 |     12 |     72 |    184 |   1 |  472.0 |
               +--------+--------+--------+--------+--------+-----+--------+

Top non-repeatable levels by time:
       D: 472 daAuts
